 Dungeon Crawl Stone Soup version 0.28-a0-1629-gf728b707aa (webtiles) character file.

Game seed: 16412746289292817441

9254 kae the Cleaver (level 11, -17/87 (90) HPs)
             Began as a Demonspawn Fighter on Jan 24, 2022.
             Was a High Priest of Okawaru.
             Killed by vampiric draining
             ... invoked by Josephine
              (21 damage)
             ... on level 10 of the Dungeon.
             The game lasted 00:06:01 (10362 turns).

kae the Cleaver (Demonspawn Fighter)               Turns: 10362, Time: 00:06:02

HP:   -17/87 (90)   AC: 15    Str: 20    XL:     11   Next: 20%
MP:   16/16         EV:  9    Int: 13    God:    Okawaru [*****.]
Gold: 1449          SH:  8    Dex: 14    Spells: 10/10 levels left

rFire   . . .      SeeInvis +   g - +10 war axe "Worm" {flame, Int+4 SInv}
rCold   . . .      Faith    .   b - +0 buckler
rNeg    . . .      Spirit   .   a - +0 scale mail
rPois   .          Reflect  .   (helmet restricted)
rElec   .          Harm     .   (no cloak)
rCorr   .          Rampage  .   j - +1 pair of gloves
Will    .....                   (no boots)
Stlth   ..........              h - amulet of magic regeneration
HPRegen 0.24/turn               (no ring)
MPRegen 0.55/turn               (no ring)

@: slowed, lightly drained, very slow
A: horns 1, icy blue scales 2, icemail 1, condensation shield
a: Renounce Religion, Heroism, Finesse, Duel


You were on level 10 of the Dungeon.
You worshipped Okawaru.
Okawaru was extremely pleased with you.
You visited 2 branches of the dungeon, and saw 11 of its levels.

You collected 1449 gold pieces.

Inventory:

Hand Weapons
 g - the +10 war axe "Worm" (weapon) {flame, Int+4 SInv}
   (You acquired it on level 4 of the Dungeon)

   It burns those it strikes, dealing additional fire damage.
   Big, fiery blades are also staple armaments of hydra-hunters.
   Int:       It affects your intelligence (+4).
   SInv:      It lets you see invisible.
Missiles
 r - a throwing net (quivered)
Armour
 a - a +0 scale mail (worn)
 b - a +0 buckler (worn)
 j - a +1 pair of gloves (worn)
Jewellery
 h - an amulet of magic regeneration (around neck)
 v - a +4 ring of evasion
Wands
 e - a wand of flame (71)
 k - a wand of acid (7)
 m - a wand of iceblast (9)
Scrolls
 n - 2 scrolls of identify
 q - a scroll of amnesia
 s - a scroll of enchant weapon
 t - a scroll of fog
 u - a scroll of holy word {unknown}
Potions
 c - 2 potions of berserk rage
 d - 3 potions of brilliance
 f - 4 potions of mutation
 i - 2 potions of heal wounds
 l - 3 potions of resistance
 o - 2 potions of flight
 p - 2 potions of might


   Skills:
 + Level 10.1 Fighting
 * Level 11.1 Axes
 + Level 3.0 Armour
 + Level 0.9 Dodging
 - Level 2.6 Shields
 - Level 5.5 Unarmed Combat
 + Level 7.4 Invocations


You had 10 spell levels left.
You didn't know any spells.
Your spell library contained the following spells:

 Spells                   Type           Power      Damage    Failure   Level
 Apportation              Tloc           0%         N/A       75%         1
 Gell's Gravitas          Tloc           0%         N/A       98%         3
 Lesser Beckoning         Tloc           0%         N/A       98%         3
 Teleport Other           Tloc           0%         N/A       98%         3
 Fulminant Prism          Conj/Hex       0%         3d6       100%        4
 Iskenderun's Mystic Bla  Conj/Tloc      0%         2d3       100%        4
 Alistair's Intoxication  Tmut/Pois      0%         N/A       100%        5
 Lee's Rapid Deconstruct  Erth           0%         3d5*      100%        5


Dungeon Overview and Level Annotations

Branches:
Dungeon (10/15)            Temple (1/1) D:4            Lair (0/6) D:8
    Orc: D:9-12

Altars:
Ashenzari
Cheibriados
Dithmenos
Elyvilon
Fedhas
Gozag
Hepliaklqana
Kikubaaqudgha
Nemelex Xobeh
Okawaru
Qazlal
Ru
Sif Muna
Trog
Uskayaw
Vehumet
Wu Jian
Xom
Yredelemnul
Zin
The Shining One

Shops:
D:9 (

Annotations:
D:10 Josephine


Innate Abilities, Weirdness & Mutations

You have a pair of small horns on your head.
You are mostly covered in icy blue scales. (AC +3)
A meltable icy envelope protects you from harm. (AC +4)
A meltable shield of frost defends you. (SH +4)


Message History

You slash the wraith! You burn the wraith. Josephine closely misses you.
The wraith barely misses you. Josephine hits you with a +0 dagger!
The wraith hits you but does no damage.
You are too injured to fight recklessly!
You are too injured to fight recklessly!
You are too injured to fight recklessly!
You are too injured to fight recklessly!
You are too injured to fight recklessly!
You barely miss Josephine.
Josephine is severely wounded.
You hit the wraith. You burn the wraith.
You destroy the wraith!
Okawaru accepts your kill. Josephine hits you but does no damage.
Your Armour skill increases to level 3!
You barely miss Josephine.
Josephine is severely wounded.
Josephine hits you but does no damage.
Josephine points at you and mumbles some strange words.
The ghostly flame explodes!
The ghostly fireball engulfs you!
You feel drained.
The ghostly fireball engulfs Josephine.
Josephine completely resists.
You hit Josephine. You burn Josephine.
Josephine is severely wounded.
Josephine draws life force from you!
* * * LOW HITPOINT WARNING * * *
Josephine is healed by the life force!
You hit Josephine but do no damage.
Josephine is heavily wounded.
Josephine hits you with a +0 dagger.
* * * LOW HITPOINT WARNING * * *
Josephine closely misses you.
You slash Josephine! You burn Josephine.
Josephine is severely wounded.
Josephine draws life force from you!!
* * * LOW HITPOINT WARNING * * *
Josephine is healed by the life force!
You slice Josephine!! You burn Josephine! Your headbutt misses Josephine.
Josephine is almost dead.
Josephine draws life force from you!!
You die...

...#
##...###
.>...#.#
#.....[ #
#....#
#.#.##....#
+....)[)..#
#...@...#
####@)......
#........
.........
.........
..........
......≈.##
#........#


You could see Josephine.

Vanquished Creatures
  A two-headed ogre (D:9)
  Pikel (D:5)
  Grinder (D:3)
  A troll (D:8)
  Sigmund (D:5)
  11 yaks
  5 wraiths
  A wyvern (D:8)
  3 steam dragons
  Edmund (D:4)
  2 wargs (D:8)
  A water moccasin (D:6)
  Duvessa (D:6)
  A sky beast (D:3)
  An ice beast (D:5)
  An ogre (D:4)
  3 necrophages
  5 orc warriors
  3 centaurs
  A phantom (D:2)
  A kobold brigand (D:9)
  4 bullfrogs
  2 scorpions
  Dowan (D:6)
  17 killer bees
  8 wights (D:9)
  2 howler monkeys (D:8)
  4 centaur zombies
  A jelly (D:4)
  3 hounds
  8 orc priests
  A gnoll shaman (D:5)
  An iguana (D:7)
  11 orc wizards
  A killer bee zombie (D:7)
  5 gnolls (D:5)
  A howler monkey zombie (D:7)
  4 adders
  A white imp (D:7)
  An ufetubus (D:6)
  A worm (D:2)
  32 orcs
  5 ball pythons
  6 bats
  6 endoplasms
  6 giant cockroaches
  5 goblins
  5 hobgoblins
  7 jackals
  11 quokkas
  3 training dummies (D:9)
  6 frilled lizards
  12 kobolds
  4 rats
231 creatures vanquished.

Vanquished Creatures (others)
  6 fungi (D:8)
6 creatures vanquished.

Grand Total: 237 creatures vanquished

Notes
Turn   | Place    | Note
-------+----------+-------------------------------------------
     0 | D:1      | kae the Demonspawn Fighter began the quest for the Orb.
     0 | D:1      | Reached XP level 1. HP: 18/18 MP: 1/1
   192 | D:1      | Gained mutation: You have a pair of small horns on your
                  | head. [demonic ancestry]
   192 | D:1      | Reached XP level 2. HP: 23/24 MP: 2/2
   234 | D:1      | Found a faded altar of an unknown god.
   234 | D:1      | Noticed a rust devil
   657 | D:1      | Identified a scroll of acquirement
   657 | D:1      | Acquired 1068 gold pieces
   857 | D:1      | Gained mutation: You are partially covered in icy blue
                  | scales. (AC +2) [demonic ancestry]
   857 | D:1      | Reached XP level 3. HP: 28/29 MP: 3/3
  1785 | D:2      | Noticed a phantom
  1806 | D:2      | Killed a phantom
  1807 | D:2      | Gained mutation: A meltable shield of frost defends you.
                  | (SH +4) [demonic ancestry]
  1807 | D:2      | Reached XP level 4. HP: 11/37 MP: 4/4
  2171 | D:2      | Gained mutation: You are mostly covered in icy blue scales.
                  | (AC +3) [demonic ancestry]
  2171 | D:2      | Reached XP level 5. HP: 38/42 MP: 5/5
  2445 | D:3      | Noticed a sky beast
  2466 | D:3      | Killed a sky beast
  2941 | D:3      | Noticed Grinder
  2950 | D:3      | Paralysed by Grinder for 4 turns
  2962 | D:3      | Killed Grinder
  2963 | D:3      | Reached skill level 5 in Fighting
  2963 | D:3      | Reached skill level 5 in Unarmed Combat
  2963 | D:3      | Gained mutation: A meltable icy envelope protects you from
                  | harm. (AC +4) [demonic ancestry]
  2963 | D:3      | Reached XP level 6. HP: 21/51 MP: 6/6
  3255 | D:4      | Acquired the +10 war axe "Worm" {flame, Int+4 SInv}
  3262 | D:4      | Reached skill level 1 in Axes
  3262 | D:4      | Reached XP level 7. HP: 56/56 MP: 7/7
  3502 | D:4      | Reached skill level 2 in Axes
  3574 | D:4      | Found a staircase to the Ecumenical Temple.
  3584 | Temple   | Entered the Ecumenical Temple
  3707 | Temple   | Became a worshipper of Warmaster Okawaru
  3887 | D:4      | Found a glowing drain.
  3990 | D:4      | Noticed Edmund
  3997 | D:4      | Killed Edmund
  3998 | D:4      | Reached skill level 3 in Axes
  4452 | D:4      | Reached skill level 4 in Axes
  4537 | D:5      | Entered Level 5 of the Dungeon
  4578 | D:5      | Noticed Pikel
  4585 | D:5      | Killed Pikel
  4585 | D:5      | Reached * piety under Okawaru
  4586 | D:5      | Reached skill level 5 in Axes
  4586 | D:5      | Reached XP level 8. HP: 65/65 MP: 8/8
  4711 | D:5      | Noticed Sigmund
  4716 | D:5      | Killed Sigmund
  4717 | D:5      | Reached skill level 6 in Axes
  5410 | D:6      | Reached skill level 7 in Axes
  5410 | D:6      | Reached XP level 9. HP: 71/72 MP: 9/9
  5471 | D:6      | Reached ** piety under Okawaru
  5593 | D:6      | Noticed Duvessa
  5593 | D:6      | Noticed Dowan
  5600 | D:6      | Killed Duvessa
  5603 | D:6      | Killed Dowan
  6188 | D:7      | Reached skill level 8 in Axes
  6719 | D:7      | Reached skill level 1 in Invocations
  6719 | D:7      | Reached *** piety under Okawaru
  6891 | D:7      | Found a basalt altar of Yredelemnul.
  6949 | D:7      | Found an ancient bone altar of Kikubaaqudgha.
  7147 | D:8      | Reached skill level 9 in Axes
  7152 | D:8      | Reached XP level 10. HP: 41/82 MP: 12/12
  7173 | D:8      | Reached **** piety under Okawaru
  7958 | D:8      | Reached skill level 5 in Invocations
  8191 | D:8      | Found a staircase to the Lair.
  8880 | D:9      | Reached skill level 10 in Axes
  9474 | D:9      | Found Zaafuo's Firing Range.
  9859 | D:9      | Noticed a two-headed ogre
  9865 | D:9      | Killed a two-headed ogre
  9865 | D:9      | Reached ***** piety under Okawaru
  9866 | D:9      | Reached skill level 10 in Fighting
  9866 | D:9      | Reached skill level 11 in Axes
  9866 | D:9      | Reached XP level 11. HP: 72/90 MP: 14/16
 10326 | D:10     | Entered Level 10 of the Dungeon
 10332 | D:10     | Noticed Josephine
 10361 | D:10     | HP: 4/87 [Josephine/vampiric draining (19)]
 10362 | D:10     | Killed from afar by Josephine

Illustrated notes

Levels and vault maps discovered:
D:1:      minmay_arrival_split_and_join, layout_loops_corners,
          dreamdust_ecumenical_altar_sealed_demon, minmay_misc_feat_rugged
D:2:      layout_basic
D:3:      layout_basic, uniq_grinder
D:4:      layout_basic, minmay_temple_entry_statues, gup_sewer_entry_pipe,
          chequers_decorated_corner, uniq_edmund
D:5:      layout_loops_ring, kennysheep_nondescript, minmay_misc_feat_room,
          uniq_pikel, uniq_sigmund
D:6:      layout_loops_ring, minmay_fountain_box, uniq_duvessa
D:7:      layout_rooms, gammafunk_temple_overflow_pools, lemuel_round_altar
D:8:      kennysheep_steamy, layout_basic, erik_lair_orcish_takeover,
          patterned_corridor
D:9:      layout_gridville, grunt_ministairs_8, nicolae_shop_firing_range
D:10:     layout_basic, nzn_makhleb_speed_demon, nrook_loot_triangle,
          minmay_statue_crystal_thing, uniq_josephine
Temple:   mainiacjoe_temple_coin_purse

Skill      XL: |  1  2  3  4  5  6  7  8  9 10 11 |
---------------+----------------------------------+-----
Unarmed Combat | 2 4 5 |  5.5
Fighting       | 4 5 6 7 8 10 | 10.1
Axes           | 1 5 7 9 11 | 11.1
Invocations    | 3 7 |  7.4
Armour         | 3 |  3.0
Dodging        | |  0.9
Shields        | |  2.6

Action                   |  1- 3 |  4- 6 |  7- 9 | 10-12 || total
-------------------------+-------+-------+-------+-------++-------
Melee: Unarmed           |   148 |    69 |       |       ||   217
       Headbutt          |    10 |    13 |    17 |    22 ||    62
       War axe           |       |     2 |   161 |   157 ||   320
Invok: Heroism           |       |       |     2 |    10 ||    12
  Use: Scroll            |     3 |     2 |    10 |       ||    15
       Potion            |     3 |     3 |     1 |       ||     7
 Stab: Sleeping          |     1 |       |       |       ||     1
Armor: Scale mail        |    49 |    23 |    75 |    61 ||   208
       Skin              |     3 |       |       |       ||     3
Dodge: Dodged            |    50 |    18 |    61 |    54 ||   183
Block: Buckler           |    33 |    22 |    59 |    62 ||   176

Table legend: (Time is in decaauts)
 A = Elapsed time spent in this place.
 B = Non-inter-level travel time spent in this place.
 C = Inter-level travel time spent in this place.
 D = Time resting spent in this place.
 E = Time spent auto-exploring this place.
 F = Levels seen in this place.
 G = Mean time per level.
                   A        B        C        D        E       F      G
               +--------+--------+--------+--------+--------+-----+--------+
         Total |  10396 |  10081 |    315 |    563 |   8277 |  11 |  945.1 |
       Dungeon |  10259 |   9981 |    278 |    563 |   8193 |  10 | 1025.9 |
        Temple |    136 |     99 |     37 |      0 |     84 |   1 |  136.0 |
               +--------+--------+--------+--------+--------+-----+--------+

Top non-repeatable levels by time:
     D:8: 1782 daAuts
     D:9: 1446 daAuts
     D:4: 1172 daAuts
     D:1: 1150 daAuts
     D:2: 1103 daAuts
     D:3: 997 daAuts
     D:7: 966 daAuts
     D:6: 814 daAuts
     D:5: 794 daAuts
  Temple: 136 daAuts
    D:10: 30 daAuts
